 Dungeon Crawl Stone Soup version 0.19-a0-1005-gf5a4b3b (webtiles) character file.

5414 Leibowitz the Nimble (level 10, 0/60 HPs)
             Began as a Kobold Gladiator on July 19, 2016.
             Was a Priest of Hepliaklqana.
             Succumbed to a spiny frog's poison
             ... on level 1 of the Lair of Beasts.
             The game lasted 00:35:54 (8054 turns).

Leibowitz the Nimble (Kobold Gladiator)             Turns: 8054, Time: 00:35:54

Health: 0/60       AC: 12    Str: 15    XL:     10   Next: 99%
Magic:  9/9        EV: 19    Int:  6    God:    Hepliaklqana [***...]
Gold:   349        SH: 10    Dex: 19    Spells: 0 memorised, 9 levels left

rFire  . . .     SeeInvis .     a - +0 dagger (venom)
rCold  + . .     Gourm    .     s - +1 ring mail {rC+}
rNeg   . . .     Faith    .     w - +0 shield
rPois  .         Spirit   .     c - +0 helmet
rElec  .         Dismiss  .     p - +1 cloak
rCorr  .         Reflect  .     K - +0 pair of gloves
SustAt +         Harm     .     k - +0 pair of boots
MR     +....                    y - amulet of rage
Stlth  +++++.....               I - ring of protection from magic
                                H - ring of sustain attributes

@: lethally poisoned (0 -> -4), exhausted, somewhat resistant to hostile
enchantments, quite stealthy
A: carnivore 3, low mp 1
a: Recall Ancestor, Ancestor Identity, Transference, Renounce Religion, Evoke
Berserk Rage


You were on level 1 of the Lair of Beasts.
You worshipped Hepliaklqana.
Hepliaklqana was most pleased with you.
You were full.

You visited 3 branches of the dungeon, and saw 11 of its levels.

You collected 406 gold pieces.
You spent 57 gold pieces at shops.

Inventory:

Hand Weapons
 a - a +0 dagger of venom (weapon)
 b - a +0 blowgun
 A - a +0 rapier
Missiles
 D - 61 poisoned needles
Armour
 c - a +0 helmet (worn)
 k - a +0 pair of boots (worn)
 p - a +1 cloak (worn)
 s - a +1 ring mail of cold resistance (worn)
 w - a +0 shield (worn)
 K - a +0 pair of gloves (worn)
Jewellery
 y - an amulet of rage (around neck)
 H - a ring of sustain attributes (left hand)
 I - a ring of protection from magic (right hand)
Wands
 e - a wand of lightning (8/15)
 q - a wand of paralysis (13/24)
 z - a wand of enslavement (10/24)
 E - a wand of disintegration (24/24)
Scrolls
 i - a scroll of recharging
 m - 2 scrolls of teleportation
 r - a scroll of remove curse
 t - 4 scrolls of identify
 x - 2 scrolls of fog
Potions
 j - 5 potions of might
 l - 2 potions of flight
 v - a potion of agility
Comestibles
 f - 3 meat rations
 g - a beef jerky
 h - a slice of pizza
 o - 13 royal jellies


   Skills:
 * Level 6.2 Fighting
 * Level 7.8 Short Blades
 + Level 2.5 Throwing
 * Level 4.5 Armour
 * Level 10.2 Dodging
 * Level 9.3 Stealth
 * Level 5.3 Shields
 + Level 1.2 Evocations


You had 9 spell levels left.
You didn't know any spells.

Dungeon Overview and Level Annotations

Branches:
Dungeon (9/15)             Temple (1/1) D:4            Lair (1/6) D:9
    Orc (0/2) D:9

Altars:
Ashenzari
Cheibriados
Dithmenos
Elyvilon
Fedhas
Gozag
Hepliaklqana
Kikubaaqudgha
Makhleb
Nemelex Xobeh
Okawaru
Pakellas
Qazlal
Ru
Sif Muna
Trog
Uskayaw
Vehumet
Xom
Yredelemnul
Zin
The Shining One

Shops:
D:3 *   D:4 }   D:6 ?   D:8 *


Innate Abilities, Weirdness & Mutations

You are small and have problems with some larger weapons.
You are carnivorous and can eat meat at any time.
Your magical capacity is low. (-10% MP)


Message History

You feel sick.
* * * LOW HITPOINT WARNING * * *
You feel sick.
* * * LOW HITPOINT WARNING * * *
You feel sick.
You can move again.
Things that are here:
a throwing net x2; a spiny frog corpse Your magical effects are unravelling.
You feel magically purged.
You feel yourself speed up.
* * * LOW HITPOINT WARNING * * *
You feel sick.
Your ancestor is still trapped in memory!
There is a lethal amount of poison in your body!
* * * LOW HITPOINT WARNING * * *
You feel sick.
* * * LOW HITPOINT WARNING * * *
You feel sick.
You die...

Y. #..... .. ##.+## .....
..... ##.....#.#..##.....
#.#...#.##.⌠..#....l
#................... ⌠
+...⌠......>.⌠...... ..
.........#.....#..... #.⌠
#..#.##...#.⌠.##.....
##..###....@####.##......
......#.....#(..†........
..........≈..#..<........
...........#.####†.#.#.##
.....#.#...#.#.##..##.##
... #.#.⌠)#.#..†........
. #.#...#.............
#.#................#
##.....##..........#


There were no monsters in sight!

Vanquished Creatures
  Pikel (D:4)
  2 spiny frogs (Lair:1)
  Prince Ribbit (D:7)
  A blink frog (Lair:1)
  2 yaks (D:9)
  An orc warrior (D:9)
  A slave (D:4)
  2 ice beasts
  2 phantoms
  2 ogres (D:5)
  A black bear (D:9)
  A centaur (D:9)
  A crocodile (D:9)
  2 giant frogs
  2 scorpions
  3 howler monkeys (D:9)
  A crimson imp (D:6)
  3 jellies
  An orc priest (D:3)
  5 hounds
  5 orc wizards
  3 centaur skeletons
  A giant frog skeleton (D:7)
  An iguana (D:9)
  9 worker ants
  6 adders
  8 gnolls
  8 river rats
  A shadow imp (D:5)
  4 oozes (D:8)
  3 worms
  2 giant geckos
  16 orcs
  7 bats
  2 giant cockroaches
  7 hobgoblins
  4 jackals (D:2)
  6 kobolds
  4 quokkas
  A ball python (D:2)
  6 giant newts
  4 goblins
  A jackal skeleton (D:7)
  A jackal zombie (D:9)
  9 rats
  A fungus (D:9)
155 creatures vanquished.

Vanquished Creatures (collateral kills)
  2 blink frogs
  A yak (D:9)
  2 water moccasins
  A sky beast (D:6)
  A black bear (D:9)
  A centaur (D:7)
  A crocodile (D:9)
  A giant frog (D:6)
  A wyvern skeleton (D:8)
  A howler monkey (D:5)
  2 crimson imps
  2 jellies (D:8)
  A hound (D:5)
  An orc wizard (D:7)
  An iguana (D:6)
  2 adders
  7 river rats (D:9)
  A shadow imp (D:9)
  An ooze (D:8)
  10 orcs
  4 bats
  2 goblins (D:3)
  2 hobgoblins (D:3)
  A kobold (D:3)
  2 quokkas (D:5)
  A ball python skeleton (D:4)
  A jackal zombie (D:7)
  2 rats (D:9)
55 creatures vanquished.

Vanquished Creatures (others)
  A slave (D:4)
  A knight (Lair:1)
  An adder (D:4)
  An adder skeleton (D:4)
  A worm (D:4)
  A giant gecko (D:4)
  3 fungi (D:9)
9 creatures vanquished.

Grand Total: 219 creatures vanquished

Notes
Turn   | Place    | Note
-------+----------+-------------------------------------------
     0 | D:1      | Leibowitz the Kobold Gladiator began the quest for the Orb.
     0 | D:1      | Reached XP level 1. HP: 12/12 MP: 1/1
   804 | D:2      | Reached XP level 2. HP: 17/18 MP: 2/2
   868 | D:2      | Reached skill level 1 in Stealth
   920 | D:2      | Reached XP level 3. HP: 22/22 MP: 3/3
  1061 | D:2      | Reached skill level 4 in Dodging
  1112 | D:2      | Reached XP level 4. HP: 27/27 MP: 4/4
  1744 | D:3      | Found an opulent altar of Gozag.
  1748 | D:3      | Found Gozag's Platinum Reserve.
  1772 | D:3      | Found a hazy altar of Hepliaklqana.
  1778 | D:3      | Became a worshipper of Hepliaklqana
  1900 | D:3      | Reached XP level 5. HP: 32/32 MP: 5/5
  1902 | D:3      | Reached skill level 1 in Armour
  2787 | D:4      | Found a staircase to the Ecumenical Temple.
  2791 | Temple   | Entered the Ecumenical Temple
  2846 | Temple   | Reached * piety under Hepliaklqana
  2895 | D:4      | Reached XP level 6. HP: 37/37 MP: 6/6
  2904 | D:4      | Found a sacrificial altar of Ru.
  2915 | D:4      | Reached skill level 5 in Dodging
  2915 | D:4      | Reached skill level 1 in Shields
  2934 | D:4      | Noticed a slave
  2934 | D:4      | Noticed a slave
  2935 | D:4      | Noticed Pikel
  2935 | D:4      | Noticed a slave
  2935 | D:4      | Noticed a slave
  2955 | D:4      | Killed Pikel
  2955 | D:4      | Reached skill level 5 in Short Blades
  2955 | D:4      | Reached skill level 6 in Dodging
  2955 | D:4      | Reached XP level 7. HP: 23/43 MP: 7/7
  3279 | D:4      | Found a basalt altar of Yredelemnul.
  3287 | D:4      | Reached XP level 8. HP: 48/48 MP: 8/8
  3340 | D:4      | Found a white marble altar of Elyvilon.
  3448 | D:4      | Found a blossoming altar of Fedhas.
  3550 | D:4      | Found an oddly glowing altar of Pakellas.
  3550 | D:4      | Found Pakellas's Prime Provisions.
  3585 | D:5      | Entered Level 5 of the Dungeon
  3589 | D:5      | Got a dazzling hand axe
  3590 | D:5      | Identified the +11 hand axe of Regicide {distort, *Corrode rF++ Int+3 Stlth+} (You found it on level 5 of the Dungeon)
  3663 | D:5      | Gained mutation: You are weak. (Str -2) [mutagenic glow]
  3696 | D:5      | Gained mutation: Your magical capacity is low. (-10% MP) [mutagenic glow]
  4099 | D:5      | Reached skill level 5 in Stealth
  4099 | D:5      | Reached skill level 1 in Evocations
  4186 | D:5      | Reached skill level 7 in Dodging
  4385 | D:5      | Found a snail-covered altar of Cheibriados.
  4559 | D:5      | You fall through a shaft!
  4559 | D:6      | Reached ** piety under Hepliaklqana
  4561 | D:6      | Remembered your ancestor Ilshubani as a knight
  4604 | D:6      | Reached XP level 9. HP: 46/52 MP: 8/8
  4755 | D:6      | Found Peizaehane's Magic Scroll Shop.
  4786 | D:6      | Lost mutation: You are weak. (Str -2) [potion of beneficial mutation]
  5079 | D:6      | Reached skill level 8 in Dodging
  5168 | D:6      | Reached skill level 5 in Fighting
  5194 | D:7      | Noticed Prince Ribbit
  5231 | D:7      | Killed Prince Ribbit
  5349 | D:7      | Found a deep blue altar of Sif Muna.
  6073 | D:8      | Found Hipyjom's Assorted Antiques.
  6081 | D:8      | Bought a glowing leather armour for 38 gold pieces
  6081 | D:8      | Bought a scroll labeled TET YWNUSK for 19 gold pieces
  6167 | D:8      | Reached *** piety under Hepliaklqana
  6350 | D:8      | Found a shimmering altar of Xom.
  6573 | D:8      | Reached skill level 9 in Dodging
  6581 | D:8      | Found a glowing silver altar of Zin.
  6713 | D:8      | Reached XP level 10. HP: 43/59 MP: 9/9
  7281 | D:9      | Found a staircase to the Lair.
  7564 | D:9      | Found a staircase to the Orcish Mines.
  7622 | D:9      | Found a radiant altar of Vehumet.
  7671 | D:9      | Found a white marble altar of Elyvilon.
  7819 | Lair:1   | Entered Level 1 of the Lair of Beasts
  7838 | D:9      | Reached skill level 5 in Shields
  7949 | Lair:1   | Reached skill level 10 in Dodging
  7978 | Lair:1   | Noticed a spiny frog
  7978 | Lair:1   | Noticed a spiny frog
  8012 | Lair:1   | Killed a spiny frog
  8030 | Lair:1   | HP: 3/60 [spiny frog (12)]
  8045 | Lair:1   | Killed a spiny frog
  8050 | Lair:1   | HP: 3/60 [poisoned by a spiny frog]
  8053 | Lair:1   | HP: 1/60 [poisoned by a spiny frog]
  8054 | Lair:1   | Succumbed to a spiny frog's poison

Vault maps used:
D:1:      kilobyte_arrival_exit_the_forest
D:3:      nicolae_gozag_zags_fifth_avenue, old_standard_altar,
          minmay_goblin_kobold_house
D:4:      minmay_wonky_spiral, old_standard_altar, elyvilon_altar_3,
          yredelemnul_altar_generic, nicolae_ru_great_annihilating_truth,
          first_bread, johnstein_pakellas_shop, uniq_pikel
D:5:      cheibrodos_worm_habitat
D:6:      serial_shops, shop
D:7:      kennysheep_big_flooded_room, tgw_sif, uniq_prince_ribbit1
D:8:      zin_academy, xom_redecorated, serial_shops, shop,
          hangedman_little_slice_of_home
D:9:      lemuel_round_altar, grunt_lair_entry_orc_guard_hut, david_orc_2,
          basic_altar
Temple:   jpeg_temple_clearing
Lair:1:   grunt_megastairs_1

Skill      XL: |  1  2  3  4  5  6  7  8  9 10 |
---------------+-------------------------------+-----
Stealth        | 1 2 4 5 7 9 |  9.3
Dodging        | 4 6 7 9 10 | 10.2
Fighting       | 3 4 5 6 |  6.2
Armour         | 1 2 3 4 |  4.5
Shields        | 1 2 4 5 |  5.3
Short Blades   | 5 6 7 |  7.8
Evocations     | 1 |  1.2
Throwing       | |  2.5

Action                   |  1- 3 |  4- 6 |  7- 9 | 10-12 || total
-------------------------+-------+-------+-------+-------++-------
Melee: Rapier            |    73 |    37 |       |       ||   110
       Dagger            |       |    82 |   331 |   344 ||   757
 Fire: Blowgun           |       |       |     2 |       ||     2
Throw: Throwing net      |       |     1 |       |     3 ||     4
Invok: Ancestor Identity |       |     1 |       |       ||     1
       Recall Ancestor   |       |       |     1 |       ||     1
       Ancestor Life: Kn |       |       |     1 |       ||     1
 Abil: Evoke Berserk Rag |       |     2 |       |     1 ||     3
  Use: Potion            |       |     1 |     6 |     6 ||    13
       Scroll            |       |       |    13 |       ||    13
 Stab: Sleeping          |     1 |     4 |    18 |     6 ||    29
       Distracted        |       |     1 |     3 |     1 ||     5
       Held in net/web   |       |     1 |       |     1 ||     2
       Paralysed         |       |     1 |       |       ||     1
  Eat: Chunk             |     7 |     7 |    13 |     4 ||    31
Armor: Leather armour    |    13 |    19 |    22 |       ||    54
       Ring mail         |       |       |    13 |    51 ||    64
Dodge: Dodged            |    48 |    65 |   144 |   191 ||   448
Block: Shield            |       |    29 |   105 |   160 ||   294
